 Dungeon Crawl Stone Soup version 0.30-a0-691-g754fce4c43 (webtiles) character file.

Game seed: 9712659434125998984

13 kae the Insei (level 2, -1/21 HPs)
             Began as a Demonspawn Transmuter on Jan 19, 2023.
             Slain by a kobold
             ... wielding a +0 whip
              (5 damage)
             ... on level 1 of the Dungeon.
             The game lasted 00:00:25 (307 turns).

kae the Insei (Demonspawn Transmuter)                Turns: 307, Time: 00:00:25

Health: -1/21      AC:  2    Str: 10    XL:     2   Next: 24%
Magic:  5/5        EV: 12    Int: 16    God:
Gold:   0          SH:  0    Dex: 13    Spells: 4/5 levels left

rFire   . . .      SeeInvis .      - Unarmed
rCold   . . .      Faith    .    (no shield)
rNeg    . . .      Spirit   .    a - +0 robe
rPois   .          Reflect  .    (no helmet)
rElec   .          Harm     .    (no cloak)
rCorr   .          Rampage  .    (no gloves)
Will    .....                    (no boots)
Stlth   +                        (no amulet)
HPRegen 0.23/turn                (no ring)
MPRegen 0.09/turn                (no ring)

@: no status effects
A: big brain 1
a: no special abilities


You were on level 1 of the Dungeon.
You visited 1 branch of the dungeon, and saw 1 of its levels.


Innate Abilities, Weirdness & Mutations

You have an unusually large brain. (Int +2)


   Skills:
 - Level 1.0 Fighting
 - Level 1.7 Dodging
 + Level 2.8 Unarmed Combat
 + Level 2.2 Spellcasting
 * Level 2.2 Transmutations


You had 4 spell levels left.
You knew the following spells:

 Your Spells              Type           Power      Damage    Failure   Level
a - Beastly Appendage     Tmut           18%        N/A       8%          1

Your spell library contained the following spells:

 Spells                   Type           Power      Damage    Failure   Level
 Wereblood                Tmut           9%         N/A       12%         2
 Spider Form              Tmut/Pois      5%         N/A       36%         3
 Ice Form                 Ice/Tmut       5%         N/A       77%         4

Inventory:

Armour
 a - a +0 robe (worn)
Potions
 b - a potion of lignification {!q}

Dungeon Overview and Level Annotations

Branches:
Dungeon (1/15) Zot: 5693

Altars:

. .# .#. #.##. .. ....
.⌠ #....g .##..##
######... #..#.# ......
..........#....##....#
#......##.#..........#
..#.......#..........#
.##....>........@....#
.##..............K...#
###................:.#
###..................#
.##†................w#
..#.##..#..#...........
....##.....#............
...###.....#.........#..
...........####...#.....


You could see a dart slug and a kobold.


Message History

Confirm with . or Enter, or press ? or * to list all spells.
You grow a pair of large bovine horns.
Your feet morph into talons.
The ball python hisses angrily. 😎 MP[-1]
You lost 1 mp, and now have 2/3 mp.
You closely miss the ball python. Your kick misses the ball python.
You headbutt the ball python.
You kill the ball python!
No target in view!
No target in view!
You see here a ball python corpse.
A bat comes into view.
Your transformation is almost over. 😎 MP[+1]
Your mp is fully restored (3).
A bat is nearby!
Casting: Beastly Appendage (safe; 10% risk of failure)
Confirm with . or Enter, or press ? or * to list all spells.
You extend your transformation's duration.
Your transformation is almost over. 😎 MP[-1]
You lost 1 mp, and now have 2/3 mp.
A bat is nearby!
The bat hits you.
The bat hits you but does no damage. 😕 HP[-1]
You take 1 damage, and now have 14/15 hp.
A bat is nearby!
The bat closely misses you. x2
You barely miss the bat. Your kick misses the bat. The bat closely misses you.
The bat hits you but does no damage.
A bat is nearby!
You hit the bat.
You kill the bat!
No target in view!
A hobgoblin comes into view.
The hobgoblin shouts! 😎 HP[+1]
Your hp is fully restored (15).
Unknown command.
A hobgoblin is nearby!
A hobgoblin comes into view.
A dart slug comes into view.
There are monsters nearby!
A kobold comes into view. It is wielding a +0 whip.
The hobgoblin closely misses you.
The kobold moves out of view.
You hit the hobgoblin. Your kick misses the hobgoblin.
You headbutt the hobgoblin, but do no damage.
The hobgoblin misses you.
There are monsters nearby!
You closely miss the hobgoblin.
You claw the hobgoblin, but do no damage.
Your punch misses the hobgoblin.
Your horns disappear.
Your talons disappear.
The hobgoblin closely misses you.
You hit the hobgoblin.
You kill the hobgoblin!
You have reached level 2!
Your demonic ancestry asserts itself...
Your brain expands. 😎 HP[+6] MP[+3]
You now have 21 max hp (+6).
Your hp is fully restored (21).
Your mp is fully restored (5).
A dart slug is nearby!
A dart slug is nearby!
The kobold shouts!
The hobgoblin shouts!
You hit the dart slug. The dart slug barely misses you.
Unknown command.
You hit the dart slug. The dart slug barely misses you.
You hit the dart slug but do no damage. You hit the dart slug but do no damage.
The dart slug misses you.
You hit the dart slug but do no damage.
The dart slug bites you but does no damage.
You hit the dart slug.
You kill the dart slug!
A dart slug comes into view.
The kobold barely misses you.
You hit the hobgoblin.
Unknown command.
You hit the hobgoblin but do no damage. The hobgoblin hits you.
The kobold hits you with a +0 whip.
You closely miss the hobgoblin. The hobgoblin hits you.
The kobold hits you with a +0 whip.
* * * LOW HITPOINT WARNING * * *
😨 HP[-13]
You take 13 damage, and now have 8/21 hp.
MASSIVE DAMAGE!! (PAUSE) Unknown command.
You hit the hobgoblin but do no damage. The hobgoblin closely misses you.
The kobold hits you with a +0 whip.
* * * LOW HITPOINT WARNING * * *
😱 HP[-4]
You take 4 damage, and now have 4/21 hp.
You hit the hobgoblin.
You kill the hobgoblin!
The kobold hits you but does no damage.
Unknown command.
Okay, then.
You hit the kobold but do no damage. The kobold hits you with a +0 whip.
You die...

Skill      XL: |  1 |
---------------+----+-----
Transmutations | 2 |  2.2
Fighting       | |  1.0
Dodging        | |  1.7
Unarmed Combat | |  2.8
Spellcasting   | |  2.2

Action                   || total
-------------------------++-------
Melee: Unarmed           ||    25
       Headbutt          ||     4
       Kick              ||     2
 Cast: Beastly Appendage ||     6
Armor: Robe              ||    11
Dodge: Dodged            ||    16

Levels and vault maps discovered:
D:1:      matt_arrival_spirals, layout_rooms,
          dreamdust_ecumenical_altar_hidden_monk_grotto, serial_shops,
          nicolae_shop_advertising_works [nicolae_subvault_shop_adworks],
          nicolae_shop_temple_entry_statues_fountains, nicolae_lakefront_shop,
          shop_fountains, nicolae_shop_waterfront, minmay_misc_feat_pillars,
          minmay_pentomino_p2

Notes
Turn   | Place    | Note
-------+----------+-------------------------------------------
     0 | D:1      | kae the Demonspawn Transmuter began the quest for the Orb.
     0 | D:1      | Reached XP level 1. HP: 15/15 MP: 3/3
     0 | D:1      | magus.rc [v1.11.3]
   156 | D:1      | Found a faded altar of an unknown god.
   203 | D:1      | Reached skill level 2 in Transmutations
   295 | D:1      | Gained mutation: You have an unusually large brain. (Int
                  | +2) [demonic ancestry]
   295 | D:1      | Reached XP level 2. HP: 21/21 MP: 5/5
   305 | D:1      | HP: 4/21 [kobold/+0 whip (4)]
   307 | D:1      | Slain by a kobold

Vanquished Creatures
  A dart slug (D:1)
  A ball python (D:1)
  A goblin (D:1)
  2 hobgoblins (D:1)
  A quokka (D:1)
  3 bats (D:1)
9 creatures vanquished.

Table legend:
 A = Non-vault XP
 B = Vault XP
 C = Vault XP percentage of total XP
 D = Non-vault monster count
 E = Vault monster count
 F = Vault count percentage of total count
                 A         B        C        D         E       F
            +---------+---------+-------+---------+---------+-------
      Total |      19 |       0 |   0.0 |       9 |       0 |   0.0
            +---------+---------+-------+---------+---------+-------
        D:1 |      19 |       0 |   0.0 |       9 |       0 |   0.0
            +---------+---------+-------+---------+---------+-------

Illustrated notes

Table legend:
 A = Kills in this place as a percentage of kills in entire the game.
 B = Kills by you in this place as a percentage of kills by you in the entire game.
 C = Kills by friends in this place as a percentage of kills by friends in the entire game.
 D = Other kills in this place as a percentage of other kills in the entire game.
 E = Experience gained in this place as a percentage of experience gained in the entire game.
 F = Experience gained in this place divided by the number of levels of this place that you have seen.
                   A       B       C       D       E      F
               +-------+-------+-------+-------+-------+----------------------
         Total | 100.0 | 100.0 |   N/A |   N/A | 100.0 |  19.0
       Dungeon | 100.0 | 100.0 |   N/A |   N/A | 100.0 |  19.0
               +-------+-------+-------+-------+-------+----------------------

Table legend: (Time is in decaauts)
 A = Elapsed time spent in this place.
 B = Non-inter-level travel time spent in this place.
 C = Inter-level travel time spent in this place.
 D = Time resting spent in this place.
 E = Time spent auto-exploring this place.
 F = Levels seen in this place.
 G = Mean time per level.
                   A        B        C        D        E       F      G
               +--------+--------+--------+--------+--------+-----+--------+
         Total |    305 |    275 |     30 |      0 |    212 |   1 |  305.0 |
       Dungeon |    305 |    275 |     30 |      0 |    212 |   1 |  305.0 |
               +--------+--------+--------+--------+--------+-----+--------+

Top non-repeatable levels by time:
     D:1: 305 daAuts
